cohdb
Replays
Latest Replays
All Replays
Popular Replays
Top Player Replays
Match Explorer
How It Works
Community
CoH3 Stats
Reddit
Sign in to upload your games and track your stats! →
Sign in with Steam
Match 32632456
Unlisted
Match 32632456
Overview
Messages
Build Orders
End
Vickers Machine Gun Team
Construct Section Command Post
Selects Air and Sea Battlegroup
Dingo Light Scout Car
Dingo Light Scout Car
ML 3-inch Mortar Team
Construct Platoon Command Post
Selects Commando Section Paradrop
Commando Section Paradrop
Unlock M3 Stuart Light Tanks
M3 Stuart Light Tank
Selects Supply Surplus
Construct Field Infirmary
Unlock Bishop Self-propelled Artillery
Bishop Self-propelled Artillery
6-pounder Anti-tank Gun Team
Commando Section Paradrop
Selects Centaur Medium Tank
Centaur Medium Tank
WЇЌĭήğ§* ★assasin
moon
rune41
el campo
Доктор Гувер[POINTRUNNER]
MaXiS
0
0
Comments
sign in to comment!
No comments posted yet!